 Dungeon Crawl Stone Soup version 0.30-a0-778-g2ef04afb54 (webtiles) character file.

Game seed: 10395148851952488675

31880 Newt the Basher (level 13, 0/103 HPs)
             Began as a Demonspawn Gladiator on Feb 15, 2023.
             Was the Champion of Okawaru.
             Slain by a two-headed ogre
             ... wielding a +0 giant club
              (27 damage)
             ... on level 13 of the Dungeon.
             The game lasted 00:14:36 (12372 turns).

Newt the Basher (Demonspawn Gladiator)             Turns: 12372, Time: 00:14:37

Health: 0/103      AC:  6    Str: 24    XL:     13   Next: 28%
Magic:  0/19       EV: 13    Int: 10    God:    Okawaru [******]
Gold:   515        SH:  6    Dex: 16    Spells: 12/12 levels left

rFire   . . .      SeeInvis .    p - +6 shillelagh "Devastator" {shatter}
rCold   . . .      Faith    .    i - orb {light}
rNeg    . . .      Spirit   +    b - +2 troll leather armour
rPois   .          Reflect  .    (helmet restricted)
rElec   .          Harm     +    D - scarf {harm}
rCorr   +          Rampage  .    (no gloves)
Will    .....                    (no boots)
Stlth   +                        s - amulet of regeneration
HPRegen 1.97/turn                g - ring of resist corrosion
MPRegen 0.32/turn                J - +6 ring of strength

@: spiked, glowing
A: antennae 2, large bone plates 2, magic shield, magic regeneration, mutation
resistance 1
a: Renounce Religion, Heroism, Finesse, Duel


You were on level 13 of the Dungeon.
You worshipped Okawaru.
Okawaru was exalted by your worship.
You visited 2 branches of the dungeon, and saw 14 of its levels.
You also visited: Bailey.

You collected 731 gold pieces.
You spent 216 gold pieces at shops.

Inventory:

Hand Weapons
 p - the +6 shillelagh "Devastator" (weapon) {shatter}
   (You found it on level 2 of the Dungeon)
 W - the +11 morningstar "Deinewug" {flame, rC+ Str+4}
   (You bought it in a shop on level 11 of the Dungeon)

   Str:       It affects your strength (+4).
   rC:        It protects you from cold.
 Y - the +6 whip of Amorality {spect, rC+ rN+ Will- Str+5}
   (You found it on level 12 of the Dungeon)

   Str:       It affects your strength (+5).
   rC:        It protects you from cold.
   rN:        It protects you from negative energy.
   Will:      It decreases your willpower.
Missiles
 f - 7 javelins
 j - 7 silver javelins
 t - a silver boomerang
 z - 30 poisoned darts
 L - 16 boomerangs (quivered)
Armour
 b - a +2 troll leather armour (worn)
 d - +0 acid dragon scales
 i - an orb of light (worn)
 D - a scarf of harm (worn)
 G - a +1 leather armour of willpower
 O - a +1 scale mail of cold resistance
 S - a +0 kite shield
Jewellery
 g - a ring of resist corrosion (left hand)
 s - an amulet of regeneration (around neck)
 J - a +6 ring of strength (right hand)
 Q - a ring of protection from fire
 V - a ring of poison resistance
Wands
 c - a wand of mindburst (2)
 B - a wand of quicksilver (3)
 C - a wand of digging (5)
 E - a wand of polymorph (5)
 X - a wand of paralysis (5)
Scrolls
 a - a scroll of magic mapping
 v - a scroll of amnesia
 y - 2 scrolls of teleportation
 K - 3 scrolls of blinking
 N - a scroll of fear
 T - a scroll of enchant weapon
Potions
 h - 2 potions of degeneration
 l - 3 potions of flight
 m - a potion of lignification
 n - 3 potions of curing
 o - a potion of attraction
 q - a potion of cancellation
 u - 4 potions of haste
 w - 2 potions of ambrosia
 x - 4 potions of resistance
 A - a potion of mutation
 H - a potion of heal wounds
 U - a potion of invisibility


   Skills:
 - Level 10.0 Fighting
 - Level 2.6 Short Blades
 - Level 14.0 Maces & Flails
 + Level 7.3 Throwing
 - Level 5.0 Armour
 - Level 4.3 Dodging
 - Level 9.0 Invocations
 - Level 6.0 Evocations


You had 12 spell levels left.
You didn't know any spells.
Your spell library contained the following spells:

 Spells                   Type           Power      Damage    Failure   Level
 Blink                    Tloc           0%         N/A       54%         2
 Inner Flame              Hex/Fire       0%         N/A       77%         3
 Ozocubu's Armour         Ice            0%         N/A       77%         3
 Cause Fear               Hex            0%         N/A       99%         4
 Manifold Assault         Tloc           0%         N/A       99%         4
 Passage of Golubria      Tloc           0%         N/A       99%         4
 Freezing Cloud           Conj/Ice/Air   0%         6-21      100%        5
 Metabolic Englaciation   Hex/Ice        0%         N/A       100%        5
 Silence                  Hex/Air        0%         N/A       100%        5
 Yara's Violent Unravell  Hex/Tmut       0%         3d3       100%        5
 Storm Form               Tmut/Air       0%         N/A       100%        7
 Discord                  Hex            0%         N/A       100%        8
 Lehudib's Crystal Spear  Conj/Erth      0%         10d2      100%        8
 Polar Vortex             Ice            0%         N/A       100%        9
 Tukima's Dance           Hex            Unusable   N/A       N/A         3
 Simulacrum               Ice/Necr       Unusable   N/A       N/A         6

Dungeon Overview and Level Annotations

Branches:
Dungeon (13/15)            Temple (1/1) D:7            Lair (0/5) D:9
    Orc (0/2) D:10         Bailey (visited)
 Vaults: D:13-14

Altars:
Ashenzari
Cheibriados
Dithmenos
Fedhas
Gozag
Hepliaklqana
Kikubaaqudgha
Makhleb
Nemelex Xobeh
Okawaru
Qazlal
Ru
Sif Muna
Trog
Uskayaw
Vehumet
Wu Jian
Xom
Yredelemnul
Ignis
Jiyva
Lugonu

Shops:
D:11 (


Innate Abilities, Weirdness & Mutations

You have a pair of antennae on your head.
You are mostly covered in large bone plates. (SH +6)
When hurt, damage is shared between your health and your magic reserves.
You regenerate magic rapidly.
You are somewhat resistant to further mutation.


Message History

The kobold brigand and the kobold shudder.
The kobold brigand is heavily wounded.
You kill the kobold!
The kobold brigand is heavily wounded.
The kobold brigand hits you with a +0 short sword.
The manticore flicks its tail.
The volley of spikes hits you!!
The barbed spikes become lodged in your body.
A necromancer comes into view. It is wielding a +0 dagger.
You hit the kobold brigand but do no damage.
The kobold brigand is heavily wounded.
The kobold brigand hits you with a +0 short sword.
You hit the kobold brigand.
The kobold brigand shudders.
You kill the kobold brigand!
Okawaru accepts your kill.
You completely miss the two-headed ogre.
The two-headed ogre hits you with a +0 giant club!
The two-headed ogre hits you with a +0 giant club!!
You sock the two-headed ogre!
The two-headed ogres and the necromancer shudder.
The two-headed ogre is severely wounded.
The two-headed ogre is heavily wounded.
The necromancer is severely wounded.
The two-headed ogre is severely wounded.
You hit the two-headed ogre.
The two-headed ogres and the necromancer shudder.
You kill the two-headed ogre!
Okawaru accepts your kill.
The two-headed ogre is severely wounded.
You kill the necromancer!
Okawaru accepts your kill.
Your Throwing skill increases to level 7!
You completely miss the two-headed ogre.
The two-headed ogre is severely wounded.
The manticore bites you!!
* * * LOW HITPOINT WARNING * * *
The manticore closely misses you. You block the manticore's attack.
You block the two-headed ogre's attack.
The two-headed ogre hits you with a +0 giant spiked club!!
You die...

.........#
.........#
.........######
...............
.......?.....
........O.. {
.>....))O#
.....$H@)#
.......)<#
>.......)#{
.........#
........[.
.#########. . .


You could see 2 two-headed ogres and a manticore.

Vanquished Creatures
  Jorgrun (D:12)
  An orc warlord (Bailey)
  A hydra (D:11)
  6 two-headed ogres
  Pikel (D:9)
  A necromancer (D:13)
  2 cyclopes (D:11)
  Joseph (D:7)
  An unseen horror (D:10)
  A kobold demonologist (D:13)
  Maggie (D:7)
  6 trolls
  A hornet (D:7)
  2 shadows
  Sigmund (D:6)
  A wyvern (D:9)
  A wraith (D:12)
  27 yaks
  9 vampire mosquitoes (D:12)
  A basilisk (D:12)
  A steam dragon (D:8)
  3 acid dragons (D:11)
  Duvessa (D:7)
  9 orc warriors
  3 ice beasts
  A black bear (D:6)
  5 sky beasts
  4 wolves (D:9)
  5 ogres (D:10)
  5 centaurs
  3 lemures (D:9)
  A phantom (D:6)
  7 kobold brigands
  4 bullfrogs
  7 scorpions
  3 gnoll sergeants (D:10)
  15 wights
  Dowan (D:7)
  10 killer bees
  3 electric eels (D:9)
  6 howler monkeys
  7 hounds
  7 orc priests
  Crazy Yiuf (D:6)
  4 iguanas
  14 orc wizards
  8 adders
  9 gnolls
  A white imp (D:3)
  A worm (D:2)
  3 dart slugs
  31 orcs
  7 ball pythons
  7 endoplasms
  3 giant cockroaches
  13 goblins
  16 hobgoblins
  3 jackals (D:1)
  6 quokkas
  6 bats
  3 frilled lizards
  31 kobolds
  7 rats
351 creatures vanquished.

Notes
Turn   | Place    | Note
-------+----------+-------------------------------------------
     0 | D:1      | Newt the Demonspawn Gladiator began the quest for the Orb.
     0 | D:1      | Reached XP level 1. HP: 16/16 MP: 1/1
    47 | D:1      | Gained mutation: You are partially covered in large bone
                  | plates. (SH +4) [demonic ancestry]
    47 | D:1      | Reached XP level 2. HP: 15/23 MP: 2/2
   405 | D:1      | Reached XP level 3. HP: 29/29 MP: 3/3
  1255 | D:2      | Gained mutation: You have a pair of small antennae on your
                  | head. [demonic ancestry]
  1255 | D:2      | Reached XP level 4. HP: 36/37 MP: 4/4
  1348 | D:2      | Found the +6 shillelagh "Devastator" {shatter}
  1741 | D:3      | Reached skill level 1 in Maces & Flails
  1819 | D:3      | Reached skill level 2 in Maces & Flails
  1892 | D:3      | Gained mutation: You are mostly covered in large bone
                  | plates. (SH +6) [demonic ancestry]
  1892 | D:3      | Reached XP level 5. HP: 42/42 MP: 5/5
  1971 | D:3      | Found a faded altar of an unknown god.
  2237 | D:4      | Reached skill level 3 in Maces & Flails
  2240 | D:4      | Reached skill level 4 in Maces & Flails
  2240 | D:4      | Reached XP level 6. HP: 20/48 MP: 6/6
  2720 | D:4      | Reached skill level 5 in Maces & Flails
  3035 | D:5      | Entered Level 5 of the Dungeon
  3065 | D:5      | You fall into a shaft and drop 3 floors!
  3100 | D:8      | Reached XP level 7. HP: 54/54 MP: 7/7
  3270 | D:7      | Noticed a hornet
  3278 | D:7      | Killed a hornet
  3279 | D:7      | Reached skill level 6 in Maces & Flails
  3368 | D:6      | Noticed Sigmund
  3373 | D:6      | Killed Sigmund
  3374 | D:6      | Reached skill level 7 in Maces & Flails
  3441 | D:6      | Reached XP level 8. HP: 31/60 MP: 8/8
  3447 | D:6      | Reached skill level 8 in Maces & Flails
  4169 | D:6      | Reached skill level 9 in Maces & Flails
  4506 | D:6      | Reached skill level 10 in Maces & Flails
  4554 | D:6      | Gained mutation: You regenerate magic rapidly. [demonic
                  | ancestry]
  4554 | D:6      | Reached XP level 9. HP: 59/65 MP: 9/9
  4828 | D:6      | Reached skill level 5 in Fighting
  5018 | D:6      | Found a runed translucent door.
  5019 | D:6      | Noticed Crazy Yiuf
  5361 | D:6      | Killed Crazy Yiuf
  5768 | D:7      | Noticed Joseph
  5780 | D:7      | Killed Joseph
  5962 | D:7      | Found a staircase to the Ecumenical Temple.
  6009 | D:7      | Reached skill level 5 in Armour
  6059 | Temple   | Entered the Ecumenical Temple
  6108 | Temple   | Became a worshipper of Warmaster Okawaru
  6464 | D:7      | Noticed Maggie
  6472 | D:7      | Killed Maggie
  6473 | D:7      | Reached XP level 10. HP: 35/76 MP: 10/10
  6552 | D:7      | Noticed Dowan
  6554 | D:7      | Noticed Duvessa
  6556 | D:7      | Killed Dowan
  6558 | D:7      | Killed Duvessa
  6565 | D:7      | Gained mutation: You are somewhat resistant to further
                  | mutation. [potion of mutation]
  6787 | D:8      | Reached skill level 5 in Evocations
  6793 | D:8      | Reached * piety under Okawaru
  7732 | D:9      | Reached ** piety under Okawaru
  7898 | D:9      | Noticed Pikel
  7904 | D:9      | Killed Pikel
  7904 | D:9      | Reached *** piety under Okawaru
  7919 | D:9      | Noticed a two-headed ogre
  7925 | D:9      | HP: 4/83 [two-headed ogre/+0 giant club (15)]
  7926 | D:9      | Killed a two-headed ogre
  7941 | D:9      | Found a flagged portal.
  7949 | Bailey   | Entered a bailey
  7976 | Bailey   | Noticed an orc warlord
  8016 | Bailey   | Reached skill level 10 in Fighting
  8019 | Bailey   | Reached **** piety under Okawaru
  8210 | Bailey   | Found a runed translucent gate.
  8213 | Bailey   | Found a runed translucent gate.
  8294 | Bailey   | Found a runed translucent gate.
  8380 | Bailey   | Killed an orc warlord
  8381 | Bailey   | Reached XP level 11. HP: 90/90 MP: 11/11
  8561 | D:9      | Reached skill level 12 in Maces & Flails
  8561 | D:9      | Gained mutation: You have a pair of antennae on your head.
                  | [demonic ancestry]
  8561 | D:9      | Reached XP level 12. HP: 97/97 MP: 12/12
  9064 | D:9      | Found a staircase to the Lair.
  9556 | D:10     | Entered Level 10 of the Dungeon
  9729 | D:10     | Reached skill level 13 in Maces & Flails
  9757 | D:10     | Reached ***** piety under Okawaru
  9798 | D:10     | Found a staircase to the Orcish Mines.
 10015 | D:10     | Noticed a two-headed ogre
 10021 | D:10     | Killed a two-headed ogre
 10498 | D:11     | Reached skill level 14 in Maces & Flails
 10498 | D:11     | Reached skill level 1 in Invocations
 10574 | D:11     | Noticed a four-headed hydra
 10578 | D:11     | Killed a four-headed hydra
 10760 | D:11     | Reached skill level 5 in Invocations
 10783 | D:11     | Noticed a two-headed ogre
 10793 | D:11     | Killed a two-headed ogre
 10793 | D:11     | Received a gift from Okawaru
 11011 | D:11     | Found Zico's Antique Weapon Emporium.
 11243 | D:11     | Bought a smoking morningstar for 216 gold pieces
 11243 | D:11     | Identified the +11 morningstar "Deinewug" {flame, rC+
                  | Str+4} (You bought it in a shop on level 11 of the Dungeon)
 11333 | D:12     | Noticed a two-headed ogre
 11338 | D:12     | Killed a two-headed ogre
 11489 | D:12     | Reached ****** piety under Okawaru
 11496 | D:12     | Identified the +6 whip of Amorality {spect, rC+ rN+ Will-
                  | Str+5}
 11545 | D:12     | Noticed Jorgrun
 11559 | D:12     | Killed Jorgrun
 11559 | D:12     | Received a gift from Okawaru
 11560 | D:12     | Reached skill level 5 in Throwing
 11560 | D:12     | Gained mutation: When hurt, damage is shared between your
                  | health and your magic reserves. [demonic ancestry]
 11560 | D:12     | Reached XP level 13. HP: 30/103 MP: 19/19
 12372 | D:13     | Slain by a two-headed ogre

Illustrated notes

Levels and vault maps discovered:
D:1:      evilmike_arrival_hilbert_curve, layout_basic
D:2:      layout_basic, kennysheep_generic_room_2
D:3:      layout_rooms, nicolae_ecumenical_oubliette
D:4:      layout_cave_pods
D:5:      layout_basic, chequers_mini_garden, minmay_holes, st_stairs_6
D:6:      layout_layer_cave, uniq_sigmund, uniq_crazy_yiuf_cottage
D:7:      layout_basic, minmay_temple_entry_enclosed_plants,
          minmay_misc_feat_encased, uniq_maggie, uniq_joseph, uniq_duvessa
D:8:      layout_basic, nicolae_hexahallways, kennysheep_generic_room_16
D:9:      layout_stronghold, erik_lair_island, serial_column_ruins,
          column_ruins_grid_1, column_ruins_corridor_dead_end,
          column_ruins_open_small, column_ruins_open_small,
          column_ruins_corridor_dead_end, column_ruins_grid_1, enter_bailey_2,
          uniq_pikel
D:10:     layout_long_grid, kennysheep_orc_monster_closet_entryway
D:11:     layout_irregular_city, serial_shops, kennysheep_mini_moat
D:12:     layout_loops_corners, uniq_jorgrun
D:13:     hourglass_vault, layout_small_grid, david_vaults_1,
          hellmonk_guarded_unrand_frostbite
Temple:   hellmonk_choose_your_character

Skill      XL: |  1  2  3  4  5  6  7  8  9 10 11 12 13 |
---------------+----------------------------------------+-----
Fighting       | 3 4 6 10 | 10.0
Throwing       | 2 5 7 |  7.3
Maces & Flails | 2 4 5 7 10 12 14 | 14.0
Armour         | 5 |  5.0
Evocations     | 4 6 |  6.0
Dodging        | 4 |  4.3
Invocations    | 9 |  9.0
Short Blades   | |  2.6

Action                     |  1- 3 |  4- 6 |  7- 9 | 10-12 | 13-15 || total
---------------------------+-------+-------+-------+-------+-------++-------
  Melee: Rapier            |   123 |    21 |       |       |       ||   144
         Punch             |     2 |       |       |       |       ||     2
         Shillelagh        |       |    67 |    94 |   239 |    39 ||   439
  Throw: Javelin           |     1 |       |       |     1 |       ||     2
         Throwing net      |     1 |       |     3 |       |       ||     4
         Dart              |       |       |       |     2 |       ||     2
         Boomerang         |       |       |       |    10 |       ||    10
    Use: Scroll            |     4 |     6 |     8 |     7 |     4 ||    29
         Potion            |       |       |       |    10 |       ||    10
   Stab: Held in net/web   |     1 |       |       |       |       ||     1
 Armour: Leather armour    |    44 |    22 |    18 |       |       ||    84
         Acid dragon scale |       |       |       |    26 |     2 ||    28
         Skin              |       |       |       |     1 |       ||     1
  Dodge: Dodged            |    87 |    53 |    42 |   102 |    14 ||   298
  Block: Other             |    10 |       |       |       |       ||    10
         Orb               |     5 |    15 |    19 |    58 |     7 ||   104

Table legend: (Time is in decaauts)
 A = Elapsed time spent in this place.
 B = Non-inter-level travel time spent in this place.
 C = Inter-level travel time spent in this place.
 D = Time resting spent in this place.
 E = Time spent auto-exploring this place.
 F = Levels seen in this place.
 G = Mean time per level.
                   A        B        C        D        E       F      G
               +--------+--------+--------+--------+--------+-----+--------+
         Total |  12301 |  11672 |    629 |   2410 |   7672 |  15 |  820.1 |
       Dungeon |  11630 |  11030 |    600 |   2093 |   7451 |  13 |  894.6 |
        Temple |     63 |     35 |     28 |      0 |     25 |   1 |   63.0 |
        Bailey |    606 |    606 |      0 |    317 |    196 |   1 |  606.0 |
               +--------+--------+--------+--------+--------+-----+--------+

Top non-repeatable levels by time:
     D:6: 1702 daAuts
     D:7: 1341 daAuts
     D:9: 1189 daAuts
     D:1: 1180 daAuts
    D:12: 1081 daAuts
     D:8: 1051 daAuts
    D:10: 906 daAuts
     D:4: 844 daAuts
    D:11: 751 daAuts
  Bailey: 606 daAuts
     D:5: 538 daAuts
     D:2: 530 daAuts
     D:3: 504 daAuts
  Temple: 63 daAuts
    D:13: 7 daAuts
